 Dungeon Crawl Stone Soup version 0.21.0 (webtiles) character file.

2164 tidbits the Martial Artist (level 9, 39/69 HPs)
             Began as a Barachi Transmuter on Jan 6, 2018.
             Quit the game on level 4 of the Dungeon.
             The game lasted 00:24:59 (3190 turns).

tidbits the Martial Artist (Barachi Transmuter)     Turns: 3190, Time: 00:24:59

Health: 39/69      AC:  4    Str: 12    XL:     9   Next: 32%
Magic:  13/13      EV: 15    Int: 16    God:
Gold:   214        SH:  0    Dex: 13    Spells: 3/13 levels left

rFire    . . .     SeeInvis .   b - +4 hunting sling (flame)
rCold    . . .     Gourm    .   (no shield)
rNeg     . . .     Faith    .   B - +0 robe
rPois    .         Spirit   .   (no helmet)
rElec    .         Reflect  .   C - +0 cloak
rCorr    .         Harm     +   (no gloves)
MR       .....                  F - +0 pair of boots
Stlth    +++.......             o - amulet of harm
HPRegen  0.21/turn              f - ring of stealth
MPRegen  0.13/turn              (no ring)

@: slow
A: +LOS, swims, slowness 1, strong legs 1
a: Hop


You were on level 4 of the Dungeon.
You were not hungry.

You visited 1 branch of the dungeon, and saw 7 of its levels.

You collected 214 gold pieces.

Inventory:

Hand Weapons
 b - a +4 hunting sling of flaming (weapon)
   (You found it on level 6 of the Dungeon)
 g - a +0 flail of crushing
   (You took it off Edmund on level 4 of the Dungeon)
 l - a +0 dagger
 w - a +0 hunting sling
 y - a +2 dagger of holy wrath
   (You took it off an orc priest on level 5 of the Dungeon)
 J - a +3 quarterstaff of chaos
   (You took it off Crazy Yiuf on level 6 of the Dungeon)
 M - a +1 dagger of venom
   (You took it off an orc wizard on level 6 of the Dungeon)
 U - a +0 long sword
Missiles
 a - 20 arrows
 e - 65 stones (quivered)
 u - 4 tomahawks
 K - 2 javelins
Armour
 r - a +0 ring mail
 B - a +0 robe (worn)
 C - a +0 cloak (worn)
 F - a +0 pair of boots (worn)
Magical Staves
 O - an uncursed staff of power {unknown}
   (You found it on level 5 of the Dungeon)
Jewellery
 f - a ring of stealth (left hand)
   (You found it on level 6 of the Dungeon)
 o - an amulet of harm (around neck)
   (You found it on level 2 of the Dungeon)
 s - an uncursed amulet of magic regeneration
   (You found it on level 4 of the Dungeon)
 S - an uncursed ring of ice {unknown}
   (You found it on level 6 of the Dungeon)
Wands
 x - a wand of acid (9)
 T - a wand of flame (24)
Scrolls
 h - a scroll of immolation
 k - 4 scrolls of teleportation
 n - 3 scrolls of remove curse
 p - 2 scrolls of blinking
 z - a scroll of torment
 G - a scroll of amnesia {unknown}
 H - a scroll of enchant armour {unknown}
 I - a scroll of noise
 L - a scroll of fear
Potions
 i - 2 potions of agility {unknown}
 j - 4 potions of curing {unknown}
 m - a potion of lignification
 q - a potion of ambrosia
 v - 4 potions of brilliance {unknown}
 A - a potion of degeneration {unknown}
 D - 2 potions of haste {unknown}
 E - 2 potions of magic {unknown}
 N - a potion of berserk rage {unknown}
 P - a potion of resistance
Books
 c - a book of Changes

   Spells                             Type                      Level
   a - Beastly Appendage              Transmutation                1
   b - Sticks to Snakes               Transmutation                2
   c - Spider Form                    Transmutation/Poison         3
   d - Ice Form                       Ice/Transmutation            4
   e - Blade Hands                    Transmutation                5
 t - a book of Misfortune
   (You found it on level 4 of the Dungeon)

   Spells                             Type                      Level
   a - Confusing Touch                Hexes                        1
   b - Confuse                        Hexes                        3
   c - Gell's Gravitas                Translocation                3
   d - Petrify                        Transmutation/Earth          4
   e - Metabolic Englaciation         Hexes/Ice                    5
   f - Yara's Violent Unravelling     Hexes/Transmutation          5
 Q - a book of Air
   (You found it on level 6 of the Dungeon)

   Spells                             Type                      Level
   a - Shock                          Conjuration/Air              1
   b - Swiftness                      Charms/Air                   2
   c - Static Discharge               Conjuration/Air              3
   d - Airstrike                      Air                          4
   e - Lightning Bolt                 Conjuration/Air              5
 R - a book of Minor Magic
   (You found it on level 6 of the Dungeon)

   Spells                             Type                      Level
   a - Magic Dart                     Conjuration                  1
   b - Blink                          Translocation                2
   c - Call Imp                       Summoning                    2
   d - Slow                           Hexes                        2
   e - Conjure Flame                  Conjuration/Fire             3
   f - Mephitic Cloud                 Conjuration/Poison/Air       3
Comestibles
 d - 9 rations


   Skills:
 + Level 5.9 Fighting
 + Level 5.7 Dodging
 - Level 2.6 Stealth
 * Level 8.3 Unarmed Combat
 - Level 2.8 Spellcasting
 - Level 4.0 Hexes
 - Level 5.4 Transmutations


You had 3 spell levels left.
You knew the following spells:

 Your Spells              Type           Power        Failure   Level  Hunger
a - Beastly Appendage     Tmut           ###...       1%          1    #......
k - Sticks to Snakes      Tmut           ###.....     3%          2    ##.....
m - Mephitic Cloud        Conj/Pois/Air  #.......     50%         3    ###....
p - Spider Form           Tmut/Pois      ##........   19%         3    ###....
t - Confusing Touch       Hex            ###...       3%          1    #......


Dungeon Overview and Level Annotations

Branches:
Dungeon (7/15)
 Temple: D:4-7

Altars:
Dithmenos
Elyvilon
Gozag
Makhleb
Nemelex Xobeh
Ru
Trog
Xom
Zin


Innate Abilities, Weirdness & Mutations

Shadows flee at your approach. (+LOS)
You can swim through water.
You cover ground slowly.
You can hop short distances.


Message History

Your ball python barely misses the gnoll.
Your ball python constricts the gnoll.
The gnoll misses your ball python.
You swap places.
Your ball python bites the gnoll.
Your ball python constricts the gnoll.
The gnoll hits your ball python with a halberd.
Your ball python dies!
What are your orders? t - Ribbit!
Orders for allies: a - Attack new target. p - Attack previous target. r - Retreat! s - Stop attacking. g - Guard the area. f - Follow me.
Anything else - Cancel.
Gang up on whom?
Press: ? - help, Dir - move target cursor, f/p - gnoll
Aim: a gnoll, wielding a halberd (almost dead) Attack!
Your ball python barely misses the gnoll. x2
The gnoll hits your ball python with a halberd.
Your ball python dies!
Evoke which item? (* to show all) (? for menu, Esc to quit)
Aiming: Throw Flame
Press: ? - help, Shift-Dir - straight line, f/p - gnoll
Aim: a gnoll, wielding a halberd (almost dead)
The puff of flame hits the gnoll.
You kill the gnoll!
Evoke which item? (* to show all) (? for menu, Esc to quit)
Aiming: Corrosive Bolt
Press: ? - help, Shift-Dir - straight line, f - gnoll
Aim: a gnoll, wielding a halberd The bolt of acid hits the gnoll.
The gnoll is splashed with acid.
The acid corrodes the gnoll!
You kill the gnoll!
You see here a spear.
Things that are here:
a halberd x2; a gnoll corpse You butcher the gnoll corpse.
Things that are here:
a halberd x2; a chunk of flesh Eat a chunk of flesh? (ye/n/q)
You eat the chunk of flesh.
This raw flesh tastes terrible.
Okay, then.
You open the door.
Found 16 gold pieces.
There is an open door here.
You see here 16 gold pieces.
You now have 205 gold pieces (gained 16).
You open the door.
There is an open door here.
Found 9 gold pieces.
You see here 9 gold pieces.
You now have 214 gold pieces (gained 9).
You see here a stone.
You see here a scroll of remove curse.
n - 3 scrolls of remove curse (gained 1)
There is a stone staircase leading up here.
You climb upwards.
There is a stone staircase leading down here.
There is a stone staircase leading up here.
You climb upwards.
There is a stone staircase leading down here.
The ogre is too close now for your liking.
Casting: Sticks to Snakes
Confirm with . or Enter, or press ? or * to list all spells.
You turn into a venomous arachnid creature.
Your +4 hunting sling of flaming melds into your body.
Your +0 cloak melds into your body.
Your +0 pair of boots melds into your body.
Your +0 robe melds into your body.
Your +4 hunting sling of flaming stops flaming.
The ogre shouts!
You barely miss the ogre. The ogre barely misses you.
You hit the ogre but do no damage. You bite the ogre!
The ogre looks as sick as possible!
The ogre is heavily wounded.
You are feeling hungry.
The ogre hits you with a giant club!!
Ouch! That really hurt!
* * * LOW HITPOINT WARNING * * *
You hit the ogre.
The ogre is severely wounded.
The ogre misses you.
You hit the ogre.
The ogre looks as sick as possible!
The ogre is almost dead.
You kill the ogre!
Things that are here:
a giant club; an ogre corpse You butcher the ogre corpse.
Things that are here:
a giant club; a chunk of flesh; an ogre skeleton Eat a chunk of flesh? (ye/n/q)
You eat the chunk of flesh.
This raw flesh tastes terrible.
Your transformation is almost over.
Your transformation has ended.
Your +4 hunting sling of flaming unmelds from your body.
Your +0 cloak unmelds from your body.
Your +0 pair of boots unmelds from your body.
Your +0 robe unmelds from your body.
Your +4 hunting sling of flaming bursts into flame!
Unknown command.
Are you sure you want to abandon this character and quit the game? (Confirm with "yes".)

.# #...######### .#
#.#.........# .#
######.######.# .#
#.. ..... ..#.#
.####.####.####.#.#
....#.#...... #.#.#
>...#.#.##.##.#.#.#
....#)#.#...#.#.#.#
.........._.....@.#
....#.#.#...#.#.###
....#.#.##.##.#.#
....#.#.......#.#
....#.####.####.#
....#...........#
....######.######
.....####..#
...[......##


There were no monsters in sight!

Vanquished Creatures
  Pikel (D:5)
  A hippogriff (D:6)
  Eustachio (D:5)
  Edmund (D:4)
  Duvessa (D:6)
  A water moccasin (D:5)
  An ice beast (D:6)
  A slave (D:5)
  3 ogres
  A necrophage (D:5)
  A bullfrog (D:6)
  Dowan (D:6)
  A water moccasin zombie (D:6)
  A scorpion (D:5)
  2 crimson imps (D:5)
  A hound (D:6)
  An orc priest (D:5)
  Crazy Yiuf (D:6)
  3 worker ants
  An orc wizard (D:6)
  A killer bee zombie (D:6)
  A worker ant zombie (D:5)
  3 gnolls (D:6)
  A howler monkey skeleton (D:6)
  An adder (D:2)
  An ooze (D:1)
  A dart slug (D:1)
  3 leopard geckos
  8 orcs
  A ball python (D:3)
  3 bats
  A giant cockroach (D:1)
  8 goblins
  5 hobgoblins
  6 jackals
  A kobold (D:3)
  A frilled lizard (D:1)
  A quokka skeleton (D:5)
  4 rats
76 creatures vanquished.

Vanquished Creatures (collateral kills)
  A bullfrog (D:6)
  A howler monkey (D:4)
  A giant cockroach (D:2)
  A hobgoblin (D:1)
  A quokka skeleton (D:5)
5 creatures vanquished.

Vanquished Creatures (others)
  A slave (D:5)
  A howler monkey (D:5)
  An adder (D:5)
3 creatures vanquished.

Grand Total: 84 creatures vanquished

Notes
Turn   | Place    | Note
-------+----------+-------------------------------------------
     0 | D:1      | tidbits the Barachi Transmuter began the quest for the Orb.
     0 | D:1      | Reached XP level 1. HP: 15/15 MP: 3/3
    45 | D:2      | Found a white marble altar of Elyvilon.
   297 | D:1      | Reached XP level 2. HP: 13/21 MP: 3/5
   301 | D:1      | Learned a level 2 spell: Sticks to Snakes
   713 | D:1      | Reached skill level 3 in Transmutations
   715 | D:1      | Reached XP level 3. HP: 22/26 MP: 5/7
   720 | D:1      | Learned a level 3 spell: Spider Form
   965 | D:4      | Noticed Edmund
   987 | D:4      | Killed Edmund
   987 | D:4      | Reached skill level 5 in Transmutations
   987 | D:4      | Reached XP level 4. HP: 32/32 MP: 3/8
   987 | D:4      | Reached XP level 5. HP: 37/37 MP: 3/9
  1057 | D:4      | Learned a level 1 spell: Confusing Touch
  1234 | D:4      | Noticed an ogre
  1248 | D:4      | Killed an ogre
  1248 | D:4      | Reached skill level 2 in Stealth
  1248 | D:4      | Reached XP level 6. HP: 43/43 MP: 8/10
  1309 | D:4      | Found a sacrificial altar of Ru.
  1338 | D:4      | You fall through a shaft!
  1338 | D:5      | Entered Level 5 of the Dungeon
  1338 | D:5      | Noticed a slave
  1340 | D:5      | Noticed a slave
  1355 | D:5      | Noticed Eustachio
  1355 | D:5      | Reached skill level 1 in Hexes
  1359 | D:5      | Killed a slave
  1366 | D:5      | Killed Eustachio
  1366 | D:5      | Reached skill level 3 in Hexes
  1367 | D:5      | Reached skill level 4 in Hexes
  1367 | D:5      | Reached XP level 7. HP: 48/48 MP: 11/11
  1384 | D:5      | Noticed Pikel
  1405 | D:5      | Killed Pikel
  1405 | D:5      | Reached skill level 3 in Fighting
  1405 | D:5      | Reached skill level 3 in Dodging
  1405 | D:5      | Reached skill level 5 in Unarmed Combat
  1405 | D:5      | Reached XP level 8. HP: 20/58 MP: 9/12
  1469 | D:5      | Reached skill level 4 in Dodging
  1491 | D:5      | Reached skill level 6 in Unarmed Combat
  1567 | D:5      | Reached skill level 4 in Fighting
  1703 | D:5      | Found a bloodstained altar of Trog.
  1703 | D:5      | Found a shadowy altar of Dithmenos.
  1796 | D:7      | Found a glowing silver altar of Zin.
  1799 | D:7      | Found a sacrificial altar of Ru.
  1826 | D:7      | Found a burning altar of Makhleb.
  1840 | D:7      | Found a burning altar of Makhleb.
  1854 | D:7      | Found an opulent altar of Gozag.
  1889 | D:7      | Found a sparkling altar of Nemelex Xobeh.
  1952 | D:7      | Found a shimmering altar of Xom.
  1995 | D:6      | Found a runed door.
  2001 | D:6      | Noticed Crazy Yiuf
  2006 | D:6      | Killed Crazy Yiuf
  2173 | D:6      | Noticed a hippogriff
  2183 | D:6      | Killed a hippogriff
  2183 | D:6      | Reached skill level 7 in Unarmed Combat
  2286 | D:5      | Reached skill level 5 in Fighting
  2286 | D:5      | Reached skill level 5 in Dodging
  2613 | D:6      | Reached XP level 9. HP: 68/68 MP: 9/13
  2683 | D:6      | Learned a level 3 spell: Mephitic Cloud
  2719 | D:6      | Noticed Duvessa
  2732 | D:6      | Killed Duvessa
  2733 | D:6      | Noticed Dowan
  2744 | D:6      | Killed Dowan
  2744 | D:6      | Reached skill level 8 in Unarmed Combat
  3190 | D:4      | Quit the game

Skill      XL: |  1  2  3  4  5  6  7  8  9 |
---------------+----------------------------+-----
Transmutations | 3 5 |  5.4
Stealth        | 2 |  2.6
Hexes          | 4 |  4.0
Fighting       | 3 5 |  5.9
Dodging        | 3 5 |  5.7
Unarmed Combat | 5 7 8 |  8.3
Spellcasting   | |  2.8

Action                   |  1- 3 |  4- 6 |  7- 9 || total
-------------------------+-------+-------+-------++-------
Melee: Unarmed           |    85 |    40 |    87 ||   212
       Kick              |     3 |       |       ||     3
       Dagger            |       |       |     9 ||     9
       Headbutt          |       |       |     1 ||     1
 Fire: Hunting sling     |       |       |    12 ||    12
Throw: Tomahawk          |       |     3 |       ||     3
 Cast: Beastly Appendage |    15 |       |     2 ||    17
       Sticks to Snakes  |     5 |     1 |    15 ||    21
       Spider Form       |     5 |     5 |    19 ||    29
 Abil: End Transformatio |       |       |     3 ||     3
Evoke: Wand              |       |     2 |    14 ||    16
  Use: Scroll            |     2 |     2 |     8 ||    12
       Potion            |       |     2 |       ||     2
 Stab: Sleeping          |       |       |     1 ||     1
  Eat: Chunk             |     2 |     2 |     8 ||    12
       Ration            |       |       |     1 ||     1
Armor: Robe              |    11 |       |     2 ||    13
       Skin              |     1 |    21 |     3 ||    25
Dodge: Dodged            |    71 |    11 |    80 ||   162

Table legend:
 A = Turns spent in this place as a percentage of turns spent in the entire game.
 B = Non-inter-level travel turns spent in this place as a percentage of non-inter-level travel turns spent in the entire game.
 C = Inter-level travel turns spent in this place as a percentage of turns spent in this place.
 D = Turns resting spent in this place as a percentage of non-inter-level travel turns spent in this place.
 E = Turns spent auto-exploring this place as a percentage of non-inter-level travel turns spent in this place.
 F = Non-inter-level travel turns spent in this place divided by the number of levels of this place that you've seen.
                   A       B       C       D       E      F
               +-------+-------+-------+-------+-------+----------------------
         Total | 100.0 | 100.0 |  11.5 |   0.0 |   0.0 | 403.1
       Dungeon | 100.0 | 100.0 |  11.5 |   0.0 |   0.0 | 403.1
               +-------+-------+-------+-------+-------+----------------------

Table legend:
 A = Kills in this place as a percentage of kills in entire the game.
 B = Kills by you in this place as a percentage of kills by you in the entire game.
 C = Kills by friends in this place as a percentage of kills by friends in the entire game.
 D = Other kills in this place as a percentage of other kills in the entire game.
 E = Experience gained in this place as a percentage of experience gained in the entire game.
 F = Experience gained in this place divided by the number of levels of this place that you have seen.
                   A       B       C       D       E      F
               +-------+-------+-------+-------+-------+----------------------
         Total | 100.0 | 100.0 | 100.0 |   N/A | 100.0 | 441.7
       Dungeon | 100.0 | 100.0 | 100.0 |   N/A | 100.0 | 441.7
               +-------+-------+-------+-------+-------+----------------------

Vault maps used:
D:1:      dpeg_arrival_stone_temple_mockup
D:2:      lemuel_round_altar, elyvilon_altar_5, uniq_jessica
D:3:      first_ration, st_stairs_13
D:4:      nicolae_ru_sacrificial_ziggurat, uniq_edmund
D:5:      lemuel_ice_spiral_2, amethyst_overflow_temple_binary, uniq_pikel,
          uniq_eustachio
D:6:      minmay_temple_entry_fiery, uniq_grinder, uniq_crazy_yiuf_cottage,
          uniq_duvessa
D:7:      kennysheep_steamy, kennysheep_mini, kennysheep_mini_moat,
          grunt_temple_overflow_cloverleaf, bloody_makhleb
